 Dungeon Crawl Stone Soup version 0.30-a0-782-ge64f9170bb (webtiles) character file.

Game seed: 804829749964480865

148 Conn the Firebug (level 5, -1/31 HPs)
             Began as an Octopode Fire Elementalist on Feb 24, 2023.
             Slain by an orc
             ... wielding a +0 flail
              (10 damage)
             ... on level 4 of the Dungeon.
             The game lasted 00:08:06 (2738 turns).

Conn the Firebug (Octopode Fire Elementalist)       Turns: 2738, Time: 00:08:07

Health: -1/31      AC:  1    Str:  7    XL:     5   Next: 30%
Magic:  6/9        EV: 13    Int: 19    God:
Gold:   281        SH:  0    Dex: 13    Spells: 2/10 levels left

rFire   . . .      SeeInvis .    x - +1 dagger (elec)
rCold   . . .      Faith    .    (no shield)
rNeg    . . .      Spirit   .    (helmet restricted)
rPois   .          Reflect  .    (no amulet)
rElec   .          Harm     .    (no ring)
rCorr   .          Rampage  .    (no ring)
Will    .....                    (no ring)
Stlth   +++                      (no ring)
HPRegen 0.25/turn                (no ring)
MPRegen 0.11/turn                (no ring)
                                 (no ring)
                                 (no ring)

@: no status effects
A: almost no armour, amphibious, 8 rings, camouflage 1, gelatinous body 1,
(nimble swimmer 1), tentacles
a: no special abilities


You were on level 4 of the Dungeon.
You visited 1 branch of the dungeon, and saw 4 of its levels.

You collected 281 gold pieces.

Inventory:

Hand Weapons
 b - a +0 dagger
 x - a +1 dagger of electrocution (weapon)
Armour
 o - the +4 kite shield "Toet Gisse" {rN+ rCorr MP-9 Str+3}
   (You took it off a goblin on level 2 of the Dungeon)

   Str:       It affects your strength (+3).
   rN:        It protects you from negative energy.
   MP:        It affects your magic capacity (-9).
   rCorr:     It protects you from acid and corrosion.
Wands
 n - a wand of roots (7)
 y - a wand of flame (9)
Scrolls
 e - a scroll of noise {unknown}
 f - 2 scrolls of silence {unknown}
 g - a scroll of amnesia {unknown}
 i - 3 scrolls of teleportation {unknown}
 l - 2 scrolls of poison {unknown}
 m - 2 scrolls of enchant weapon {unknown}
 p - a scroll of immolation {unknown}
 r - a scroll of blinking {unknown}
 s - 4 scrolls of identify {unknown}
 u - a scroll of magic mapping {unknown}
 w - a scroll of summoning {unknown}
Potions
 a - 2 potions of magic
 c - 2 potions of flight {unknown}
 d - a potion of attraction {unknown}
 h - 3 potions of ambrosia {unknown}
 j - 3 potions of haste {unknown}
 k - a potion of resistance {unknown}
 q - a potion of heal wounds {unknown}
 t - a potion of degeneration {unknown}
 v - a potion of brilliance {unknown}
 z - a potion of might {unknown}


   Skills:
 + Level 2.2 Dodging
 + Level 3.1 Stealth
 * Level 1.1 Shields
 * Level 3.3 Spellcasting
 * Level 2.2 Conjurations
 + Level 3.9 Fire Magic


You had 2 spell levels left.
You knew the following spells:

 Your Spells              Type           Power      Damage    Failure   Level
a - Foxfire               Conj/Fire      56%        2x1d6     4%          1
b - Call Imp              Summ           3%         N/A       22%         2
c - Inner Flame           Hex/Fire       10%        N/A       21%         3
e - Scorch                Fire           36%        2d7       4%          2

Your spell library contained the following spells:

 Spells                   Type           Power      Damage    Failure   Level
 Magic Dart               Conj           44%        1d5       6%          1
 Kindle Blastsparks       Fire/Tloc/Air  16%        2d11      26%         3
 Mephitic Cloud           Conj/Pois/Air  5%         N/A       32%         3
 Flame Wave               Conj/Fire      14%        2d6       38%         4


Dungeon Overview and Level Annotations

Branches:
Dungeon (4/15)
 Temple: D:4-7

Altars:

Annotations:
D:3 Pascal76's ghost, weakling GrBe


Innate Abilities, Weirdness & Mutations

You cannot wear most types of armour.
You are amphibious.
You can wear up to eight rings at the same time.
Your skin changes colour to match your surroundings (Stealth+).
Your rubbery body absorbs attacks. (AC +1, EV +1)
((You are camouflaged when in or above water. (Stealth+)))
You have tentacles for arms and can constrict up to eight enemies at once.


Message History

The orc wizard points at you and mumbles some strange words.
The puff of flame hits you!
Casting: Foxfire (safe; 4% risk of failure)
Confirm with . or Enter, or press ? or * to list all spells.
You conjure some foxfire!
The foxfire hits the orc wizard.
The orc wizard is moderately wounded.
The foxfire hits the orc wizard but does no damage.
The orc wizard is moderately wounded.
An iguana comes into view.
Unknown command.
Casting: Foxfire (safe; 4% risk of failure)
Confirm with . or Enter, or press ? or * to list all spells.
You conjure some foxfire!
The foxfire hits the orc wizard.
The orc wizard is heavily wounded.
The foxfire hits the orc wizard.
The orc wizard is heavily wounded.
Unknown command.
You miss the orc wizard. You grab the orc wizard.
The orc wizard is heavily wounded.
You constrict the orc wizard, but do no damage.
The foxfire hits the orc wizard but does no damage.
The orc wizard is heavily wounded.
The foxfire hits the orc wizard.
The orc wizard is severely wounded.
Unknown command.
Casting: Foxfire (safe; 4% risk of failure)
Confirm with . or Enter, or press ? or * to list all spells.
Okay, then.
Unknown command.
Unknown command.
You release your grip on the orc wizard.
The orc wizard attacks as you move away!
The orc wizard closely misses you. The orc attacks as you move away!
The orc hits you with a +0 flail.
The orc wizard attacks as you move away!
The orc wizard hits you with a +0 dagger.
The orc attacks as you move away! The orc hits you with a +0 flail!
* * * LOW HITPOINT WARNING * * *
The orc attacks as you move away! The orc hits you with a +0 flail!
You die...

####.#####...........)....#
..)..############..########
...............##.........
##############.##..#######
#.##....#... #
#.##....#.##.#
#.##.........#
#######.##..###.##.#
........o@.........#
#######.#.#.###.####
#.K.#.#.#.#<.#
#.......o.#.#.†..#
#.....o...# #.........
#...l.....# #.....####
#..o......# #.#####
#.........# ..
#........##.#.


You could see an orc wizard, an orc and a kobold.

Vanquished Creatures
  A kobold brigand (D:3)
  2 dart slugs
  An orc (D:4)
  5 ball pythons
  2 bats
  8 endoplasms
  3 giant cockroaches
  5 goblins
  8 hobgoblins
  14 kobolds
  6 quokkas
  2 frilled lizards (D:1)
  5 rats
62 creatures vanquished.

Vanquished Creatures (others)
  215 foxfires
215 creatures vanquished.

Grand Total: 277 creatures vanquished

Notes
Turn   | Place    | Note
-------+----------+-------------------------------------------
     0 | D:1      | Conn the Octopode Fire Elementalist began the quest for the
                  | Orb.
     0 | D:1      | Reached XP level 1. HP: 11/11 MP: 3/3
   253 | D:1      | Reached XP level 2. HP: 17/17 MP: 0/5
   767 | D:1      | Reached XP level 3. HP: 21/21 MP: 2/6
   838 | D:1      | Found a faded altar of an unknown god.
  1114 | D:2      | Identified the +4 kite shield "Toet Gisse" {rN+ rCorr MP-9
                  | Str+3}
  1700 | D:3      | Learned a level 2 spell: Scorch
  1704 | D:3      | Learned a level 3 spell: Inner Flame
  1894 | D:3      | Found a runed translucent gate.
  1894 | D:3      | Noticed Pascal76's ghost (weakling GrBe)
  1898 | D:3      | Reached XP level 4. HP: 24/27 MP: 5/8
  1899 | D:3      | Found a runed translucent gate.
  1900 | D:3      | Noticed a kobold brigand
  1901 | D:3      | Found a runed translucent gate.
  2249 | D:3      | Learned a level 2 spell: Call Imp
  2457 | D:3      | Killed a kobold brigand
  2458 | D:3      | Reached skill level 1 in Shields
  2458 | D:3      | Reached XP level 5. HP: 27/31 MP: 0/9
  2738 | D:4      | Slain by an orc

Illustrated notes

Levels and vault maps discovered:
D:1:      matt_arrival_spirals, layout_rooms, dreamdust_ecumenical_altar_statues
D:2:      layout_rooms
D:3:      layout_rooms, gammafunk_ghost_nasty_kobolds, grunt_decor_clamped
D:4:      layout_basic, minmay_temple_entry_fiery, serial_shops,
          kennysheep_mini, nicolae_underground_beach, uniq_crazy_yiuf_cottage

Skill      XL: |  1  2  3  4 |
---------------+-------------+-----
Stealth        | 3 |  3.1
Shields        | 1 |  1.1
Spellcasting   | 3 |  3.3
Conjurations   | 2 |  2.2
Dodging        | |  2.2
Fire Magic     | |  3.9

Action                     |  1- 3 |  4- 6 || total
---------------------------+-------+-------++-------
  Melee: Dagger            |    14 |     8 ||    22
         Constrict         |     5 |     3 ||     8
         Unarmed           |     1 |       ||     1
         Tentacles         |     2 |     2 ||     4
   Cast: Foxfire           |    82 |    39 ||   121
         Scorch            |       |     2 ||     2
         Call Imp          |       |     1 ||     1
         Inner Flame       |       |     1 ||     1
   Stab: Sleeping          |     2 |     2 ||     4
 Armour: Skin              |     1 |       ||     1
  Dodge: Dodged            |    14 |     4 ||    18

Table legend: (Time is in decaauts)
 A = Elapsed time spent in this place.
 B = Non-inter-level travel time spent in this place.
 C = Inter-level travel time spent in this place.
 D = Time resting spent in this place.
 E = Time spent auto-exploring this place.
 F = Levels seen in this place.
 G = Mean time per level.
                   A        B        C        D        E       F      G
               +--------+--------+--------+--------+--------+-----+--------+
         Total |   2737 |   2703 |     34 |     97 |   1867 |   4 |  684.2 |
       Dungeon |   2737 |   2703 |     34 |     97 |   1867 |   4 |  684.2 |
               +--------+--------+--------+--------+--------+-----+--------+

Top non-repeatable levels by time:
     D:1: 1062 daAuts
     D:3: 989 daAuts
     D:2: 585 daAuts
     D:4: 100 daAuts
